 Dungeon Crawl Stone Soup version 0.31-a0-142-g31f6795574 (webtiles) character file.

Game seed: 4735987147018641760

66 pokeman the Magician (level 3, 0/20 HPs)
             Began as a Deep Elf Hedge Wizard on June 3, 2023.
             Succumbed to an adder's poison
             ... on level 2 of the Dungeon.
             The game lasted 00:01:57 (2025 turns).

pokeman the Magician (Deep Elf Hedge Wizard)        Turns: 2025, Time: 00:01:57

Health: 0/20       AC:  2    Str:  7    XL:     3   Next: 96%
Magic:  0/11       EV: 12    Int: 20    God:
Gold:   70         SH:  0    Dex: 14    Spells: 4/12 levels left

rFire   + . .        n - +0 dagger (holy)
rCold   + . .        (no shield)
rNeg    . . .        b - +0 robe
rPois   +            c - +0 hat
rElec   +            (no cloak)
rCorr   +            (no gloves)
SInv    .            (no boots)
Will    .....        (no amulet)
Stlth   ++           (no ring)
HPRegen 0.23/turn    (no ring)
MPRegen 0.12/turn

%: no passive effects
@: lethally poisoned (0 -> -3), resistant, very slightly contaminated, invisible
A: no striking features
a: no special abilities


You were on level 2 of the Dungeon.
You visited 1 branch of the dungeon, and saw 2 of its levels.

You collected 70 gold pieces.

Inventory:

Hand Weapons
 n - a +0 dagger of holy wrath (weapon)
Armour
 b - a +0 robe (worn)
 c - a +0 hat (worn)
Scrolls
 g - a scroll of fog {unknown}
 i - a scroll of identify {unknown}
 k - a scroll of butterflies {unknown}
 m - a scroll of silence {unknown}
Potions
 d - a potion of magic
 h - a potion of enlightenment {unknown}
 j - a potion of might {unknown}
 l - a potion of brilliance {unknown}


   Skills:
 + Level 1.1 Fighting
 + Level 1.0 Armour
 - Level 2.4 Dodging
 - Level 2.4 Stealth
 * Level 5.4 Spellcasting
 + Level 2.1 Conjurations
 - Level 1.1 Summonings
 - Level 1.1 Translocations


You had 4 spell levels left.
You knew the following spells:

 Your Spells              Type           Power      Damage    Failure   Level
a - Magic Dart            Conj           52%        1d5       4%          1
b - Mephitic Cloud        Conj/Pois/Air  8%         N/A       26%         3
c - Call Imp              Summ           18%        N/A       11%         2
d - Blink                 Tloc           18%        N/A       11%         2

Your spell library contained the following spells:

 Spells                   Type           Power      Damage    Failure   Level
 Slow                     Hex            20%        N/A       11%         1
 Cigotuvi's Dreadful Rot  Necr/Pois/Air  10%        N/A       17%         2
 Olgreb's Toxic Radiance  Pois           5%         N/A       73%         4
 Discord                  Hex            2%         N/A       100%        8
 Ignition                 Fire           2%         3d3       100%        8


Dungeon Overview and Level Annotations

Branches:
Dungeon (2/15)

Altars:


Message History

The adder poisons you! The endoplasm barely misses you.
Casting: Magic Dart (safe; 4% risk of failure)
Confirm with . or Enter, or press ? or * to list all spells.
Aiming: Magic Dart (safe; 4% risk of failure)
Press: ? - help, Shift-Dir - straight line, f/p - adder
Aim: an adder (almost dead, 100% to hit)
The magic dart hits the adder.
You kill the adder!
You feel very sick. The endoplasm freezes you.
You are frozen.
You hit the endoplasm.
The endoplasm is moderately wounded.
You feel sick. The endoplasm freezes you.
You are frozen.
* * * LOW HITPOINT WARNING * * *
Unknown command.
Casting: Magic Dart (safe; 4% risk of failure)
Confirm with . or Enter, or press ? or * to list all spells.
Aiming: Magic Dart (safe; 4% risk of failure)
Press: ? - help, Shift-Dir - straight line, f - endoplasm
Aim: an endoplasm (moderately wounded, 100% to hit)
The magic dart hits the endoplasm.
The endoplasm is heavily wounded.
* * * LOW HITPOINT WARNING * * *
You feel sick. The endoplasm hits you.
* * * LOW HITPOINT WARNING * * *
You hit the endoplasm.
You kill the endoplasm!
* * * LOW HITPOINT WARNING * * *
You feel sick.
Unknown command.
It was a potion of invisibility.
You fade into invisibility!
* * * LOW HITPOINT WARNING * * *
You feel sick.
It was a potion of resistance.
You feel protected.
You die...

##.###..######.#...######
#.......# #...........
#.##.##.######.#...######
#.##...........##.##
#.####..#########.#
#.####...#### #.#
#.##.†......# #+#
#....#.##.#.#
####..#(@#..# #.#(##$#.#
#.# .#.# . #) + # #. .# #


There were no monsters in sight!

Vanquished Creatures
  2 adders (D:2)
  A dart slug (D:2)
  3 ball pythons
  7 endoplasms
  2 giant cockroaches (D:1)
  8 goblins
  2 hobgoblins (D:2)
  3 kobolds
  4 bats
  7 frilled lizards (D:1)
  A rat (D:2)
40 creatures vanquished.

Notes
Turn   | Place    | Note
-------+----------+-------------------------------------------
     0 | D:1      | pokeman the Deep Elf Hedge Wizard began the quest for the
                  | Orb.
     0 | D:1      | Reached XP level 1. HP: 10/10 MP: 7/7
   308 | D:1      | Reached XP level 2. HP: 16/16 MP: 5/9
   797 | D:1      | Found a faded altar of an unknown god.
   823 | D:1      | Reached skill level 5 in Spellcasting
  1461 | D:1      | Reached XP level 3. HP: 20/20 MP: 9/11
  1465 | D:1      | Learned a level 3 spell: Mephitic Cloud
  1468 | D:1      | Learned a level 2 spell: Call Imp
  1471 | D:1      | Learned a level 2 spell: Blink
  1944 | D:2      | Reached skill level 1 in Fighting
  2000 | D:2      | Reached skill level 1 in Armour
  2024 | D:2      | HP: 1/20 [poisoned by an adder]
  2025 | D:2      | Succumbed to an adder's poison

Illustrated notes

Levels and vault maps discovered:
D:1:      erik_arrival_cave_to_civilisation [erik_arrival_cave_to_hall],
          layout_basic, ebering_ecumenical_altar_hall
D:2:      layout_loops_corners, minmay_misc_feat_x, serial_bayou_pond_c,
          serial_bayou_pond_a, minmay_small_reverse_x, uniq_robin

Skill      XL: |  1  2  3 |
---------------+----------+-----
Spellcasting   | 5 |  5.4
Fighting       | 1 |  1.1
Armour         | 1 |  1.0
Conjurations   | 2 |  2.1
Dodging        | |  2.4
Stealth        | |  2.4
Summonings     | |  1.1
Translocations | |  1.1

Action                     || total
---------------------------++-------
  Melee: Dagger            ||     2
   Cast: Magic Dart        ||    88
    Use: Potion            ||     2
 Armour: Robe              ||     3
  Dodge: Dodged            ||    13

Table legend: (Time is in decaauts)
 A = Elapsed time spent in this place.
 B = Non-inter-level travel time spent in this place.
 C = Inter-level travel time spent in this place.
 D = Time resting spent in this place.
 E = Time spent auto-exploring this place.
 F = Levels seen in this place.
 G = Mean time per level.
                   A        B        C        D        E       F      G
               +--------+--------+--------+--------+--------+-----+--------+
         Total |   2024 |   1995 |     29 |      0 |   1825 |   2 | 1012.0 |
       Dungeon |   2024 |   1995 |     29 |      0 |   1825 |   2 | 1012.0 |
               +--------+--------+--------+--------+--------+-----+--------+

Top non-repeatable levels by time:
     D:1: 1568 daAuts
     D:2: 456 daAuts
